 Dungeon Crawl Stone Soup version 0.23-b1-51-gfe822ef6ca (webtiles) character file.

Game seed: 12978237844768569945

6502 Gargoyl the Chopper (level 10, -3/86 HPs)
             Began as a Centaur Abyssal Knight on Feb 4, 2019.
             Was an Elder of Lugonu.
             Slain by a spiny frog (20 damage)
             ... on level 1 of the Lair of Beasts.
             The game lasted 00:17:46 (11528 turns).

Gargoyl the Chopper (Centaur Abyssal Knight)       Turns: 11528, Time: 00:17:47

Health: -3/86      AC: 16    Str: 18 (19) XL:     10   Next: 69%
Magic:  15/15      EV: 11    Int: 11      God:    Lugonu [****..]
Gold:   370        SH:  0    Dex: 11      Spells: 9/9 levels left

rFire    . . .     SeeInvis .   h - +3 hand axe (elec)
rCold    . . .     Gourm    .   (no shield)
rNeg     . . .     Faith    .   e - +3 leather armour
rPois    +         Spirit   .   u - +0 helmet
rElec    .         Reflect  .   D - +1 cloak
rCorr    .         Harm     .   y - +2 pair of gloves
MR       .....     Rnd*Rage +   (no barding)
Stlth    +.........             (no amulet)
HPRegen  0.24/turn              l - ring of poison resistance
MPRegen  0.14/turn              q - +3 ring of strength

@: lethally poisoned (-3 -> -6), heavily drained, very quick
A: large, hooves 3, iridescent scales 1, berserk 1, deformed body, speed 2,
tough skin 3
a: Depart the Abyss, Bend Space, Banish, Corrupt, Renounce Religion


You were on level 1 of the Lair of Beasts.
You worshipped Lugonu.
Lugonu was greatly pleased with you.
You were very hungry.

You visited 2 branches of the dungeon, and saw 9 of its levels.
You visited the Abyss 1 time.

You collected 370 gold pieces.

Inventory:

Hand Weapons
 a - a +3 hand axe
 h - a +3 hand axe of electrocution (weapon)
 A - a +0 war axe
Missiles
 r - 12 tomahawks (quivered)
Armour
 e - a +3 leather armour (worn)
 u - a +0 helmet (worn)
 y - a +2 pair of gloves (worn)
 D - a +1 cloak (worn)
Jewellery
 l - a ring of poison resistance (left hand)
 q - a +3 ring of strength (right hand)
Wands
 w - a wand of digging (3)
 x - a wand of iceblast (20)
 B - a wand of polymorph (11)
Scrolls
 k - 4 scrolls of teleportation
 m - 5 scrolls of identify
 o - 3 scrolls of remove curse
 p - a scroll of amnesia
 v - a scroll of fear
Potions
 b - 2 potions of invisibility
 f - a potion of magic
 g - 2 potions of brilliance
 i - 3 potions of lignification
 j - a potion of resistance
 n - 2 potions of curing
 s - a potion of mutation
 t - a potion of ambrosia
Miscellaneous
 d - a lightning rod (4/4)
Comestibles
 c - 10 rations


   Skills:
 + Level 7.4(5.9) Fighting
 + Level 7.5(6.0) Axes
 + Level 1.7(0.4) Throwing
 * Level 5.6(4.1) Armour
 * Level 5.7(4.3) Dodging
 * Level 7.5(6.0) Invocations
 + Level 0.6(0.0) Evocations


You had 9 spell levels left.
You didn't know any spells.
Your spell library contained the following spells:

 Spells                   Type           Power        Failure   Level  Hunger
 Confusing Touch          Hex            #.....       38%         1    ##.....
 Poisonous Vapours        Pois/Air       #.....       54%         2    ###....
 Confuse                  Hex            #.......     77%         3    ####...
 Conjure Flame            Conj/Fire      #.......     77%         3    ####...
 Gell's Gravitas          Tloc           #.........   77%         3    ####...
 Mephitic Cloud           Conj/Pois/Air  #.......     77%         3    ####...
 Petrify                  Tmut/Erth      #.......     99%         4    #####..
 Metabolic Englaciation   Hex/Ice        #.........   100%        5    ######.
 Yara's Violent Unravell  Hex/Tmut       #.........   100%        5    ######.
 Freezing Cloud           Conj/Ice/Air   #.........   100%        6    #######
 Ring of Flames           Chrm/Fire      #.........   100%        7    #######


Dungeon Overview and Level Annotations

Branches:
Dungeon (8/15)             Temple (0/1) D:5            Lair (1/6) D:8

Altars:
Cheibriados
Fedhas
Gozag
Hepliaklqana
Makhleb
Trog
Xom
Yredelemnul
Zin
The Shining One

Shops:
D:5 *   D:7 *

Annotations:
Abyss:1 Gastronok


Innate Abilities, Weirdness & Mutations

You have hooves in place of feet.
Armour fits poorly on your strangely shaped body.
You cover ground very quickly.
You have extremely tough skin. (AC +3)
You are partially covered in iridescent scales. (AC +2)
You tend to lose your temper in combat.


Message History

The water moccasin bites you but does no damage.
You hit the spiny frog. Your kick misses the spiny frog.
The spiny frog is lightly wounded.
You barely miss the water moccasin.
You feel sick. The spiny frog stings you!
The water moccasin closely misses you.
Unknown command.
You barely miss the spiny frog. Your kick misses the spiny frog.
The spiny frog is lightly wounded.
You closely miss the water moccasin. The spiny frog stings you!!
* * * LOW HITPOINT WARNING * * *
The water moccasin bites you but does no damage.
Unknown command.
You slash the spiny frog! You kick the spiny frog.
The spiny frog is moderately wounded.
You hit the water moccasin.
Lightning courses through the water moccasin!!
You kill the water moccasin!
Lugonu accepts your kill.
You feel sick. The spiny frog stings you!!
You die...

#..# ## #..... . #..#. ..
.. .... ... ....# #..# ....
...... #..#....
......P#######.F.##..P
..............@.......
............$.........
........................
.......|................
........................
...................##.##
#.....#..####.#...########
#.....#.......#...##.....#
##.....#...........##.....#


You could see a spiny frog.

Vanquished Creatures
  An elephant (D:7)
  Joseph (D:8)
  A troll (D:6)
  Grinder (D:3)
  3 hippogriffs
  Sigmund (D:4)
  A yak (D:8)
  A basilisk (D:8)
  Eustachio (D:5)
  A chaos spawn (Abyss:2)
  3 water moccasins
  2 orc warriors (D:6)
  2 ice beasts
  A phantom (D:4)
  4 ogres
  A crocodile (D:8)
  A big kobold (D:8)
  4 bullfrogs
  A gnoll sergeant (D:8)
  A water moccasin skeleton (D:4)
  3 scorpions
  A bullfrog zombie (D:5)
  A quasit (Abyss:2)
  A gnoll shaman (D:4)
  5 hounds
  Crazy Yiuf (D:7)
  2 bullfrog skeletons
  3 orc priests
  13 orc wizards
  4 iguanas
  7 worker ants
  22 gnolls
  7 adders
  A shadow imp (D:4)
  2 oozes
  3 adder skeletons
  3 worms
  5 leopard geckos
  35 orcs
  4 giant cockroaches
  10 goblins
  4 hobgoblins
  6 jackals
  12 kobolds
  3 quokkas
  A ball python (D:5)
  6 bats
  3 frilled lizards
  2 gnoll zombies (D:2)
  A leopard gecko skeleton (D:7)
  6 rats
209 creatures vanquished.

Vanquished Creatures (collateral kills)
  A hound (D:7)
1 creature vanquished.

Grand Total: 210 creatures vanquished

Notes
Turn   | Place    | Note
-------+----------+-------------------------------------------
     0 | Abyss:1  | Gargoyl the Centaur Abyssal Knight began the quest for the
                  | Orb.
     0 | Abyss:1  | Reached XP level 1. HP: 19/19 MP: 2/2
    79 | Abyss:2  | Noticed a chaos spawn
    82 | Abyss:2  | Noticed a quasit
    83 | Abyss:2  | Killed a chaos spawn
    83 | Abyss:2  | Reached XP level 2. HP: 28/28 MP: 3/3
    84 | Abyss:2  | Reached XP level 3. HP: 34/34 MP: 4/4
    84 | Abyss:2  | Reached XP level 4. HP: 41/41 MP: 5/5
    85 | Abyss:2  | Reached skill level 5 in Fighting
    85 | Abyss:2  | Reached XP level 5. HP: 48/48 MP: 6/6
    87 | Abyss:2  | Noticed a smoke demon
    88 | D:1      | Escaped the Abyss
   121 | D:1      | You fall through a shaft!
   220 | D:1      | Reached * piety under Lugonu
   822 | D:2      | Found a burning altar of Makhleb.
   833 | D:2      | Reached skill level 1 in Dodging
  1232 | D:2      | Found a basalt altar of Yredelemnul.
  1605 | D:3      | Reached ** piety under Lugonu
  1643 | D:3      | Found a glowing golden altar of the Shining One.
  1717 | D:3      | Reached XP level 6. HP: 34/56 MP: 8/8
  2846 | D:4      | Noticed Grinder
  2851 | D:4      | Paralysed by something for 7 turns
  2920 | D:4      | Paralysed by Grinder for 4 turns
  3152 | D:3      | Killed Grinder
  3152 | D:3      | Reached XP level 7. HP: 13/61 MP: 9/9
  4003 | D:4      | Found a blossoming altar of Fedhas.
  4461 | D:4      | Noticed Sigmund
  4471 | D:4      | Killed Sigmund
  4471 | D:4      | Reached XP level 8. HP: 51/70 MP: 9/11
  5078 | D:5      | Entered Level 5 of the Dungeon
  5172 | D:5      | Noticed Eustachio
  5182 | D:5      | Reached skill level 5 in Invocations
  5440 | D:5      | Killed Eustachio
  5440 | D:5      | Reached skill level 5 in Axes
  5498 | D:5      | Found a staircase to the Ecumenical Temple.
  5782 | D:5      | Found Vaytotreng's Elemental Accessories.
  6198 | D:5      | Found a glowing silver altar of Zin.
  6207 | D:5      | Found a bloodstained altar of Trog.
  6475 | D:6      | Noticed a troll
  6476 | D:6      | Reached *** piety under Lugonu
  6855 | D:6      | Reached XP level 9. HP: 71/75 MP: 13/13
  7045 | D:6      | Reached skill level 1 in Throwing
  7464 | D:6      | Found a snail-covered altar of Cheibriados.
  7560 | D:6      | Found a hazy altar of Hepliaklqana.
  8145 | D:7      | Found an opulent altar of Gozag.
  8207 | D:6      | Killed a troll
  8571 | D:7      | Found a shimmering altar of Xom.
  8601 | D:7      | Found Gozag's Platinum Reserve.
  9167 | D:7      | Found a runed translucent door.
  9168 | D:7      | Noticed Crazy Yiuf
  9278 | D:7      | Killed Crazy Yiuf
  9298 | D:7      | Got a smoking mace
  9315 | D:7      | Identified the +5 mace "Jiegaa" {crush, MR+ Str+4} (You
                  | found it on level 7 of the Dungeon)
  9352 | D:8      | Got a scorched crystal amulet
  9353 | D:8      | Identified the amulet "Sicoq" {Faith MR+} (You found it on
                  | level 8 of the Dungeon)
  9380 | D:8      | Noticed an elephant
  9683 | D:7      | Killed an elephant
  9683 | D:7      | Reached skill level 5 in Armour
  9683 | D:7      | Reached XP level 10. HP: 28/84 MP: 14/14
  9953 | D:8      | Found a staircase to the Lair.
 10164 | D:8      | Reached **** piety under Lugonu
 10270 | D:8      | Noticed Gastronok
 10280 | D:8      | Banished Gastronok
 10280 | D:8      | Reached skill level 5 in Dodging
 10573 | D:8      | Gained mutation: You are agile. (Dex +2) [potion of
                  | mutation]
 10573 | D:8      | Gained mutation: Your body sometimes deteriorates upon
                  | taking damage. [potion of mutation]
 10573 | D:8      | Gained mutation: You are very agile. (Dex +4) [potion of
                  | mutation]
 10986 | D:8      | Noticed Joseph
 11008 | D:8      | Killed Joseph
 11291 | D:8      | Lost mutation: You are very agile. (Dex +4) [potion of
                  | mutation]
 11291 | D:8      | Lost mutation: Your body sometimes deteriorates upon taking
                  | damage. [potion of mutation]
 11291 | D:8      | Lost mutation: You are agile. (Dex +2) [potion of mutation]
 11291 | D:8      | Gained mutation: You tend to lose your temper in combat.
                  | [potion of mutation]
 11291 | D:8      | Gained mutation: You are partially covered in iridescent
                  | scales. (AC +2) [potion of mutation]
 11487 | Lair:1   | Entered Level 1 of the Lair of Beasts
 11519 | Lair:1   | Noticed a spiny frog
 11528 | Lair:1   | Slain by a spiny frog

Skill      XL: |  1  2  3  4  5  6  7  8  9 10 |
---------------+-------------------------------+-----
Fighting       | 4 5 6 7 |  7.4
Axes           | 2 3 4 5 6 7 |  7.5
Dodging        | 1 2 3 4 5 |  5.7
Armour         | 2 3 4 5 |  5.6
Invocations    | 3 4 5 6 7 |  7.5
Throwing       | 1 |  1.7
Evocations     | |  0.6

Action                   |  1- 3 |  4- 6 |  7- 9 | 10-12 || total
-------------------------+-------+-------+-------+-------++-------
Melee: Hand axe          |       |   185 |   333 |   123 ||   641
       Kick              |       |    34 |    74 |    41 ||   149
Throw: Tomahawk          |       |       |    18 |       ||    18
Invok: Depart the Abyss  |       |     1 |       |       ||     1
       Bend Space        |       |     1 |       |       ||     1
       Banish            |       |       |     1 |     2 ||     3
Evoke: Lightning rod     |     3 |     2 |       |       ||     5
       Wand              |       |       |     3 |       ||     3
  Use: Scroll            |       |    12 |    13 |     1 ||    26
       Potion            |       |     1 |       |     3 ||     4
 Stab: Distracted        |       |       |     1 |       ||     1
  Eat: Chunk             |       |     4 |     9 |     5 ||    18
       Ration            |       |       |     3 |       ||     3
Armor: Leather armour    |       |   102 |   121 |    56 ||   279
Dodge: Dodged            |       |    76 |   165 |    66 ||   307
